Map: Prion Terraces

Players

dTefel (Tefel)

  • Race: Zerg Zerg
  • League: Grandmaster

uThermal - Winner!

  • Race: Terran Terran
  • League: Grandmaster

Event: DreamHack ZOWIE Open Leipzig

VOD

Have the link to the VOD?

Description

Time

  • Played on: Jan. 22, 2016, 10:33 a.m.
  • Length: 6:47

All games in this series

Show
View Real Time Build Order
Export as new Build Order

dTefel Zerg 

Build Orders: Pool First, Roach Zergling 

Get SALT Encoding   

  12  0:01  Drone  
  13  0:08  Drone  
  14  0:17  Overlord  
  14  0:22  Extractor  
  14  0:23  Drone  
  15  0:35  Drone x2  
  17  0:44  Spawning Pool  
  17  0:47  Drone  
  17  1:08  Hatchery  
  17  1:10  Drone  
  17  1:12  Extractor  
  17  1:14  Drone  
  17  1:18  Drone  
  18  1:30  Queen  
  18  1:31  Zergling x2  
  21  1:38  Overlord  
  21  1:48  Drone  
  22  1:59  Drone  
  23  2:06  Queen  
  25  2:10  Drone  
  26  2:15  Metabolic Boost  
  26  2:19  Queen  
  26  2:20  Drone  
  26  2:21  Drone  
  30  2:33  Drone x2  
  30  2:35  Spore Crawler  
  31  2:40  Drone x2  
  31  2:41  Drone  
  34  2:45  Drone  
  34  2:49  Drone  
  35  2:52  Drone  
  35  2:57  Overlord  
  36  3:03  Spore Crawler  
  35  3:06  Zergling x2  
  35  3:08  Zergling x2  
  36  3:16  Zergling x8  
  37  3:21  Zergling x2  
  39  3:31  Queen  
  41  3:35  Zergling x4  
  41  3:41  Hatchery  
  42  3:44  Zergling x4  
  44  4:07  Overlord, Roach Warren  
  43  4:15  Zergling x2  
  44  4:24  Queen  
  44  4:29  Zergling x2  
  46  4:37  Zergling x6  
  46  4:38  Overlord, Zergling x4  
  51  4:40  Lair  
  50  4:46  Zergling x2  
  50  4:47  Zergling x2  
  52  4:55  Roach x2  
  52  4:57  Roach  
  57  5:00  Queen  
  56  5:12  Roach  
  56  5:13  Zergling x6  
  56  5:14  Zergling x2  
  52  5:17  Zergling x6  
  52  5:19  Zergling x2  
  48  5:23  Zergling x2  
  48  5:25  Drone x2  
  48  5:27  Drone x2  
  52  5:30  Zergling x2  
  48  5:44  Drone x3  
  48  5:48  Drone x2  
  49  5:53  Zergling x6  
  49  5:55  Zergling x2  
  49  6:00  Zergling x2  
  49  6:04  Spore Crawler  
  41  6:07  Zergling x4  
  39  6:14  Zergling x4  
  39  6:18  Roach  
  39  6:21  Zergling x2  
  39  6:24  Zergling x2  
  40  6:27  Zergling x2  
Show
View Real Time Build Order
Export as new Build Order

uThermal Terran - Winner!

Build Orders: Mass Reaper 

Get SALT Encoding   

  12  0:01  SCV  
  13  0:13  SCV  
  14  0:17  Supply Depot  
  14  0:25  SCV  
  15  0:39  SCV  
  15  0:40  Barracks  
  16  0:44  Refinery  
  16  0:51  SCV  
  17  0:59  Barracks  
  17  1:03  SCV  
  18  1:15  SCV  
  19  1:19  Barracks  
  19  1:28  Reaper  
  19  1:31  Refinery  
  20  1:46  Reaper  
  21  1:47  Orbital Command  
  21  1:55  Supply Depot  
  21  2:00  Reaper  
  22  2:08  Reaper  
  23  2:17  Supply Depot  
  23  2:20  Reaper  
  24  2:32  Reaper  
  25  2:40  Reaper  
  26  2:52  Reaper  
  27  3:04  SCV, Reaper  
  29  3:07  Supply Depot  
  29  3:13  Reaper  
  29  3:17  SCV  
  31  3:24  Reaper  
  31  3:26  Command Center  
  32  3:29  SCV  
  33  3:36  Reaper  
  33  3:41  SCV  
  35  3:45  Reaper  
  36  3:53  SCV  
  37  3:56  Reaper  
  38  4:05  SCV  
  38  4:08  Reaper  
  40  4:17  SCV, Reaper  
  40  4:21  Command Center  
  42  4:28  Reaper  
  42  4:30  SCV  
  44  4:40  Reaper  
  44  4:41  Orbital Command  
  44  4:42  SCV  
  46  4:49  Reaper  
  47  4:56  SCV  
  48  5:01  Reaper  
  49  5:13  Reaper  
  44  5:21  Reaper  
  44  5:25  SCV  
  44  5:27  Barracks, Orbital Command  
  44  5:28  Barracks  
  45  5:33  Reaper  
  46  5:37  SCV  
  45  5:45  Reaper  
  46  5:52  SCV  
  46  5:53  SCV, Reaper  
  49  6:04  SCV  
  49  6:05  Reaper, Orbital Command  
  49  6:06  SCV  
  51  6:16  SCV  
  51  6:18  SCV  
  54  6:28  SCV  
  54  6:30  SCV  
  54  6:32  SCV  

Tags
 
Add a new tag
Caveats
  • Supply blocks, unpowered buildings, or Contaminate may cause inaccurate times.
  • Supply counts are checked every 10 seconds.